 Dungeon Crawl Stone Soup version 0.22.1-6-g1668fe2c40 (webtiles) character file.

14012 Toogi the Fighter (level 12, -4/172 HPs)
             Began as an Ogre Transmuter on Jan 18, 2019.
             Was an Elder of Hepliaklqana.
             Slain by a wolf (8 damage)
             ... in an ice cave.
             The game lasted 00:31:10 (17962 turns).

Toogi the Fighter (Ogre Transmuter)                Turns: 17962, Time: 00:31:11

Health: -4/172     AC:  3    Str: 22    XL:     12   Next: 12%
Magic:  24/24      EV: 13    Int: 18    God:    Hepliaklqana [****..]
Gold:   912        SH:  0    Dex:  9    Spells: 11/28 levels left

rFire    . . .     SeeInvis .     - Unarmed
rCold    + . .     Gourm    .   (no shield)
rNeg     . . .     Faith    +   b - +0 robe
rPois    .         Spirit   .   (helmet restricted)
rElec    .         Reflect  .   (no cloak)
rCorr    .         Harm     .   (gloves unavailable)
MR       ++...                  (boots unavailable)
Stlth    ..........             v - amulet of faith
HPRegen  0.38/turn              g - ring of protection from cold
MPRegen  0.19/turn              u - ring of protection from magic

@: mighty, berserking (expiring), very quick
A: large, unfitting armour, reduced essence, tough skin 1
a: Recall Ancestor, Ancestor Identity, Transference, Idealise, Renounce Religion


You were in an ice cave.
You worshipped Hepliaklqana.
Hepliaklqana was greatly pleased with you.
You were not hungry.

You visited 3 branches of the dungeon, and saw 13 of its levels.
You also visited: Ice Cave.

You collected 912 gold pieces.

Inventory:

Missiles
 a - 268 arrows
 y - 5 throwing nets (quivered)
Armour
 b - a +0 robe (worn)
 j - a +3 shield
Magical Staves
 D - an uncursed staff of summoning
Jewellery
 g - a ring of protection from cold (left hand)
 h - an uncursed ring of protection from fire
 i - an uncursed ring of magical power
 n - an uncursed ring of wizardry
 u - a ring of protection from magic (right hand)
 v - an amulet of faith (around neck)
 C - an uncursed ring of flight
 F - an uncursed ring of protection from cold
 G - an uncursed ring of poison resistance
Wands
 f - a wand of flame (22)
 r - a wand of disintegration (12)
Scrolls
 c - 5 scrolls of remove curse
 k - 5 scrolls of teleportation
 l - 2 scrolls of fog
 m - 5 scrolls of enchant weapon
 o - a scroll of amnesia
 z - 4 scrolls of identify
 H - a scroll of vulnerability
 J - a scroll of fear {unknown}
Potions
 p - a potion of berserk rage
 q - 3 potions of curing
 s - 2 potions of brilliance
 t - a potion of ambrosia
 w - a potion of flight
 x - a potion of invisibility
 B - a potion of haste
 I - a potion of magic
Miscellaneous
 e - a crystal ball of energy
Comestibles
 d - 18 rations


   Skills:
 + Level 10.9 Fighting
 + Level 7.6 Dodging
 + Level 8.2 Unarmed Combat
 + Level 8.5 Spellcasting
 + Level 8.0 Transmutations
 - Level 2.0 Poison Magic
 - Level 5.0 Evocations


You had 11 spell levels left.
You knew the following spells:

 Your Spells              Type           Power        Failure   Level  Hunger
a - Blade Hands           Tmut           #####.....   10%         5    #####..
b - Sticks to Snakes      Tmut           #####...     1%          2    None
c - Spider Form           Tmut/Pois      ####......   3%          3    None
d - Swiftness             Chrm/Air       #.......     14%         2    None
e - Alistair's Intoxicat  Tmut/Pois      ####....     32%         5    #####..

Your spell library contained the following spells:

 Spells                   Type           Power        Failure   Level  Hunger
 Beastly Appendage        Tmut           #####.       1%          1    None
 Apportation              Tloc           #.....       10%         1    None
 Shock                    Conj/Air       #...         10%         1    None
 Summon Butterflies       Summ           #.......     10%         1    None
 Ice Form                 Ice/Tmut       ###.....     19%         4    ###....
 Lesser Beckoning         Tloc           #.........   28%         3    None
 Static Discharge         Conj/Air       #.......     28%         3    None
 Tukima's Dance           Hex            #.......     28%         3    None
 Airstrike                Air            #.........   67%         4    ###....
 Lightning Bolt           Conj/Air       #.........   95%         5    #####..
 Invisibility             Hex            #.......     100%        6    ######.


Dungeon Overview and Level Annotations

Branches:
Dungeon (11/15)            Temple (1/1) D:6            Lair (1/6) D:10
    Orc: D:9-12

Altars:
Ashenzari
Cheibriados
Dithmenos
Elyvilon
Fedhas
Gozag
Hepliaklqana
Kikubaaqudgha
Makhleb
Nemelex Xobeh
Okawaru
Qazlal
Ru
Sif Muna
Trog
Uskayaw
Vehumet
Wu Jian
Xom
Yredelemnul
Zin
The Shining One

Shops:
D:8 *

Annotations:
D:4 exclusion: statue
D:5 2 runed doors, SeriosSam's ghost, novice TrMo
D:7 exclusion: ice statue


Innate Abilities, Weirdness & Mutations

You are too large for most types of armour.
You have tough skin. (AC +1)
Your life essence is reduced to manifest your ancestor. (-10% HP)


Message History

a wolf corpse x2
Unknown command.
Unknown command.
You hit the wolf.
The wolf is lightly wounded.
The wolf barely misses you.
Unknown command.
You closely miss the wolf. Your punch misses the wolf.
The wolf is lightly wounded.
The wolf bites you but does no damage.
Unknown command.
You closely miss the wolf.
The wolf is lightly wounded.
The wolf bites you.
* * * LOW HITPOINT WARNING * * *
Unknown command.
You miss the wolf.
The wolf is lightly wounded.
The wolf bites you!
You die...

## .### ###### ...##
##....#### ## #...##
##.#.##.@.##.##
##...####.#.#####h..#.##
####...####...# ##..#..#
.####...##...## ###%..#
..###≈.##.≈.## #..##
≈.§##§.###..# ..##
..##.§####..# ..##
.##.....#..## h##
####.#....## h#


You could see a wolf.

Vanquished Creatures
  A hydra (D:11)
  A two-headed ogre (D:10)
  An ugly thing (D:11)
  An ice statue (IceCv)
  A gargoyle (D:11)
  2 trolls
  3 polar bears (IceCv)
  A hippogriff (Lair:1)
  A wraith (D:11)
  8 yaks
  A wyvern (D:9)
  A water moccasin (D:5)
  A porcupine (Lair:1)
  A black bear (D:11)
  5 orc warriors
  2 phantoms
  9 ice beasts
  A necrophage (D:9)
  2 sky beasts
  6 ogres
  11 wolves
  2 centaurs
  A crocodile (D:5)
  A big kobold (D:4)
  3 bullfrogs
  4 scorpions
  2 killer bees (D:9)
  4 wights (D:7)
  A howler monkey (D:6)
  3 crimson imps
  A quasit (D:6)
  A bullfrog zombie (D:8)
  10 orc priests
  A gnoll shaman (D:4)
  3 bullfrog skeletons
  A centaur skeleton (D:4)
  6 hounds
  An iguana (D:10)
  12 orc wizards
  7 worker ants
  A hound skeleton (D:8)
  8 gnolls
  8 adders
  A shadow imp (D:11)
  An ooze (D:1)
  2 adder zombies (D:9)
  An adder skeleton (D:4)
  2 worms
  A dart slug (D:1)
  7 leopard geckos
  47 orcs
  7 giant cockroaches
  14 goblins
  6 hobgoblins
  3 jackals
  10 kobolds
  6 quokkas
  A ball python (D:1)
  9 bats
  5 frilled lizards
  10 rats
274 creatures vanquished.

Vanquished Creatures (collateral kills)
  Harold (D:8)
  A two-headed ogre (D:8)
  A troll (D:9)
  A hornet (D:11)
  A meliai zombie (D:10)
  A hippogriff (D:9)
  A water moccasin (Lair:1)
  A phantom (D:6)
  An eye of draining (D:11)
  A wolf (Lair:1)
  An ice beast (Lair:1)
  2 bullfrogs
  A killer bee (D:9)
  A wight (D:7)
  3 hounds
  2 jellies (D:11)
  An iguana (D:6)
  2 orc wizards
  2 hound skeletons
  A worker ant zombie (D:6)
  A howler monkey skeleton (D:6)
  4 orcs
  A jackal (D:8)
32 creatures vanquished.

Vanquished Creatures (others)
  A wolf (IceCv)
  5 hexers
  2 ancestors
8 creatures vanquished.

Grand Total: 314 creatures vanquished

Notes
Turn   | Place    | Note
-------+----------+-------------------------------------------
     0 | D:1      | Toogi the Ogre Transmuter began the quest for the Orb.
     0 | D:1      | Reached XP level 1. HP: 19/19 MP: 3/3
    35 | D:1      | Reached skill level 2 in Fighting
    35 | D:1      | Reached XP level 2. HP: 13/28 MP: 3/5
    46 | D:1      | Learned a level 2 spell: Sticks to Snakes
   440 | D:1      | Reached XP level 3. HP: 25/36 MP: 6/6
   884 | D:1      | Found a sparkling altar of Nemelex Xobeh.
  1135 | D:1      | Learned a level 3 spell: Spider Form
  1334 | D:2      | Found a faded altar of an unknown god.
  1346 | D:2      | Reached skill level 3 in Fighting
  1571 | D:2      | Reached XP level 4. HP: 43/45 MP: 5/7
  2363 | D:3      | Reached skill level 1 in Poison Magic
  2538 | D:3      | Found a transporter.
  2613 | D:3      | Found a transporter.
  2623 | D:3      | Found an ornate altar of the Wu Jian Council.
  2655 | D:3      | Reached XP level 5. HP: 49/53 MP: 4/8
  3362 | D:3      | Found a glowing silver altar of Zin.
  3510 | D:3      | Reached XP level 6. HP: 58/62 MP: 6/9
  3783 | D:4      | Reached skill level 4 in Fighting
  3901 | D:4      | Found a radiant altar of Vehumet.
  4004 | D:4      | Found a deep blue altar of Sif Muna.
  4349 | D:4      | Reached XP level 7. HP: 44/71 MP: 5/10
  4818 | D:4      | Reached skill level 5 in Fighting
  4858 | D:4      | Found a shimmering altar of Xom.
  5026 | D:4      | Found a radiant altar of Vehumet.
  5248 | D:5      | Entered Level 5 of the Dungeon
  5306 | D:5      | Found a hide-covered altar of Uskayaw.
  5427 | D:5      | Found a large runed door.
  5427 | D:5      | Found a large runed door.
  5428 | D:5      | Noticed SeriosSam's ghost (novice TrMo)
  5575 | D:5      | Reached XP level 8. HP: 68/81 MP: 8/12
  5583 | D:5      | Reached skill level 1 in Evocations
  5854 | D:5      | Found a stormy altar of Qazlal.
  5856 | D:5      | Noticed an air elemental
  5857 | D:5      | Noticed a water elemental
  6011 | D:5      | Reached skill level 6 in Fighting
  6372 | D:6      | Reached skill level 5 in Unarmed Combat
  6957 | D:6      | Found a staircase to the Ecumenical Temple.
  7007 | Temple   | Entered the Ecumenical Temple
  7226 | Temple   | Became a worshipper of Hepliaklqana the Forgotten
  7454 | D:6      | Reached XP level 9. HP: 51/82 MP: 11/15
  7878 | D:6      | Reached skill level 5 in Transmutations
  8093 | D:6      | Reached skill level 7 in Fighting
  8108 | D:6      | Found a sparkling altar of Nemelex Xobeh.
  9153 | D:7      | Learned a level 5 spell: Blade Hands
  9370 | D:7      | Noticed an ice statue
  9503 | D:7      | Reached * piety under Hepliaklqana
  9578 | D:8      | Found a sacrificial altar of Ru.
  9650 | D:8      | Reached skill level 5 in Dodging
  9650 | D:8      | Reached skill level 5 in Spellcasting
  9710 | D:8      | Noticed a two-headed ogre
  9722 | D:8      | Killed a two-headed ogre
 10014 | D:8      | Reached XP level 10. HP: 58/93 MP: 18/18
 10323 | D:8      | Found Reromaiwk's Assorted Antiques.
 10401 | D:8      | Noticed Harold
 10417 | D:8      | Killed Harold
 10417 | D:8      | Reached skill level 8 in Fighting
 10845 | D:8      | You fall through a shaft for 3 floors!
 10993 | D:11     | Found a basalt altar of Yredelemnul.
 11065 | D:11     | Noticed a six-headed hydra
 11088 | D:11     | Killed a six-headed hydra
 11198 | D:11     | Noticed a gargoyle
 11212 | D:11     | Killed a gargoyle
 11389 | D:11     | Reached skill level 9 in Fighting
 11533 | D:10     | Entered Level 10 of the Dungeon
 12194 | D:10     | Found a staircase to the Lair.
 12211 | D:10     | Reached ** piety under Hepliaklqana
 12664 | D:10     | Noticed a two-headed ogre
 12674 | D:10     | Killed a two-headed ogre
 12674 | D:10     | Reached XP level 11. HP: 64/103 MP: 18/21
 12929 | D:9      | Reached skill level 5 in Evocations
 13103 | D:9      | Learned a level 2 spell: Swiftness
 13416 | D:9      | Found a basalt altar of Yredelemnul.
 13720 | D:9      | Found a white marble altar of Elyvilon.
 13959 | D:9      | Found a bloodstained altar of Trog.
 14526 | D:8      | Reached *** piety under Hepliaklqana
 14565 | D:8      | Found a burning altar of Makhleb.
 14715 | D:8      | Remembered your ancestor Makke as a hexer
 15258 | D:11     | Noticed a cyan ugly thing
 15262 | D:11     | Reached skill level 10 in Fighting
 15280 | D:11     | Killed a cyan ugly thing
 16094 | Lair:1   | Entered Level 1 of the Lair of Beasts
 16319 | Lair:1   | Reached **** piety under Hepliaklqana
 16554 | Lair:1   | Found a frozen archway.
 16716 | IceCv    | Entered an ice cave
 16984 | IceCv    | Learned a level 5 spell: Alistair's Intoxication
 17545 | IceCv    | Reached XP level 12. HP: 24/115 MP: 19/24
 17961 | IceCv    | HP: 4/172 [wolf (6)]
 17962 | IceCv    | Slain by a wolf

Skill      XL: |  1  2  3  4  5  6  7  8  9 10 11 12 |
---------------+-------------------------------------+-----
Fighting       | 2 3 4 5 6 7 9 10 | 10.9
Transmutations | 2 3 4 5 6 7 8 |  8.0
Unarmed Combat | 3 4 5 6 7 8 |  8.2
Poison Magic   | 1 2 |  2.0
Dodging        | 2 3 4 5 6 7 |  7.6
Spellcasting   | 4 5 6 8 |  8.5
Evocations     | 2 3 4 5 |  5.0

Action                   |  1- 3 |  4- 6 |  7- 9 | 10-12 || total
-------------------------+-------+-------+-------+-------++-------
Melee: Unarmed           |   110 |   220 |   345 |   429 ||  1104
       Kick              |     6 |     2 |       |       ||     8
       Headbutt          |     6 |     1 |       |       ||     7
       Punch             |     1 |       |     1 |     3 ||     5
 Cast: Beastly Appendage |     8 |     6 |       |       ||    14
       Spider Form       |     2 |    20 |    38 |    41 ||   101
       Sticks to Snakes  |       |       |     3 |       ||     3
       Blade Hands       |       |       |       |     3 ||     3
       Swiftness         |       |       |       |     1 ||     1
Invok: Recall Ancestor   |       |       |       |     1 ||     1
       Ancestor Identity |       |       |       |     1 ||     1
       Ancestor Life: He |       |       |       |     1 ||     1
Evoke: Wand              |       |       |     2 |    19 ||    21
  Use: Scroll            |       |     9 |    11 |     6 ||    26
       Potion            |       |       |       |     7 ||     7
 Stab: Distracted        |       |       |       |     5 ||     5
       Confused          |       |       |       |     1 ||     1
  Eat: Chunk             |     2 |    10 |    17 |    25 ||    54
       Ration            |       |     1 |     1 |     1 ||     3
Armor: Robe              |    30 |    31 |     9 |    15 ||    85
       Skin              |     2 |     8 |    10 |    10 ||    30
Dodge: Dodged            |    72 |   143 |   296 |   389 ||   900
Block: Shield            |     2 |    18 |       |       ||    20
